[Event "1000GM Winter GM Norm-2 2024"]
[Site "Sunnyvale/"]
[Date "2024.01.04"]
[Round "4.9"]
[White "Delgado Ramirez, Neuris"]
[Black "Nathan, Nitish"]
[Result "1-0"]
[ECO "B32"]
[WhiteElo "2517"]
[BlackElo "2190"]
[Annotator "TA"]
[PlyCount "85"]
[EventDate "2023.12.14"]
[EventType "schev"]
[EventCountry "USA"]
[SourceTitle "playchess.com"]
[Source "ChessBase"]
[SourceQuality "1"]
[TimeControl "5400+30"]

1. e4 c5 2. Nf3 Nc6 3. d4 cxd4 4. Nxd4 e5 5. Nb5 d6 6. c4 Be7 {[%emt 0:00:14] 6...g6 deserves study.} 7. N5c3 {[%emt 0:00:07] B32: Sicilian: Löwenthal and Kalashnikov Variations.} Nf6 8. Bd3 O-O 9. O-O {[%emt 0:00:07] White is slightly better.} Nd7 10. Nd5 Bg5 11. Nbc3 Bxc1 12. Rxc1 Nc5 13. b4 {[%emt 0:00:18] [#]} Nxd3 $146 ({Predecessor:} 13... Ne6 14. Bb1 a5 15. a3 axb4 16. axb4 Ncd4 17. Kh1 Qg5 18. g3 Qd8 19. f4 Nc7 {½-½ Das,A (2451)-Shariyazdanov,A (2519) Seville op 45th 2020 (8)}) 14. Qxd3 Be6 15. a3 (15. Rfd1 {seems wilder.} Qh4 16. f3 Rad8 17. b5) 15... a6 {[%emt 0:06:07] Against Nb5} 16. Na4 (16. Ne2 $14 {deserves consideration.}) 16... Nd4 17. Nab6 {[%emt 1:25:36] Excellent horsemanship.} Rb8 18. f4 Bxd5 19. Nxd5 f6 20. f5 Kh8 21. Kh1 {[%emt 0:00:00] White is more active.} Rc8 22. a4 a5 23. bxa5 Qxa5 {[%emt 0:00:00] [#]} (23... Rf7 $14) 24. Ne7 $1 $16 Qxa4 25. Nxc8 ({White should try} 25. Ng6+ Kg8 26. Nxf8 Rxf8 27. Rb1) 25... Rxc8 26. Ra1 Qc6 ({Better is} 26... Qb3 $1 $14 27. Qxb3 Nxb3) 27. Rfb1 h6 28. h3 Rc7 (28... Rb8 $16 {keeps fighting.} 29. Kh2 Kg8) 29. Ra8+ Kh7 $2 (29... Rc8 30. Rxc8+ Qxc8) 30. Qg3 {[%emt 0:00:00][%csl Gf5][%cal Rg3g6] [#]} Rc8 31. Rxc8 Qxc8 $18 {[%emt 0:00:00][%mdl 4096] Endgame KQR-KQN} 32. Ra1 $40 {[%emt 0:00:00][%mdl 128] White is out for blood.} b5 $2 (32... Ne2 33. Qg6+ Kg8) 33. Ra7 {[%emt 0:00:00][%csl Ga7][%cal Rg3g7] White is clearly winning.} Qf8 34. cxb5 Nxb5 35. Rd7 Nd4 36. Kh2 {[%emt 0:00:00] Qg6+ would be deadly.} Kg8 (36... Ne2 $142 37. Qb3 d5) 37. Qc3 {[%emt 0:00:00] Strongly threatening Qc7.} Kh7 38. Qc7 Nb5 39. Qb6 Nd4 40. Rd8 Qf7 41. Qb8 ({Inferior is} 41. Rxd6 Qa2 $11) 41... g6 42. Rf8 Qg7 43. fxg6+ {[%emt 0:00:00] Weighted Error Value: White=0.22 (precise) /Black=0.33} 1-0

[Event "1000GM Winter GM Norm-2 2024"]
[Site "Sunnyvale/"]
[Date "2024.01.05"]
[Round "5.1"]
[White "Rajaram, Rohan"]
[Black "Mosquera, Miguel"]
[Result "0-1"]
[ECO "D45"]
[WhiteElo "2151"]
[BlackElo "2365"]
[Annotator "RC"]
[PlyCount "74"]
[EventDate "2023.12.14"]
[EventType "schev"]
[EventCountry "USA"]
[SourceTitle "playchess.com"]
[Source "ChessBase"]
[SourceQuality "1"]
[TimeControl "5400+30"]

1. d4 d5 2. c4 c6 3. Nf3 Nf6 4. Qb3 e6 5. Nc3 Nbd7 6. e3 Bd6 7. Bd3 O-O 8. O-O dxc4 9. Bxc4 e5 10. dxe5 Nxe5 11. Nxe5 Bxe5 12. h3 Qe7 13. Bd2 Rd8 14. Rad1 Bf5 15. Rfe1 b5 16. Be2 Qc5 17. a3 a5 18. Rc1 Rxd2 19. Ne4 Nxe4 20. Rxc5 Nxc5 21. Qa2 Rad8 22. Qa1 Bxb2 23. Qa2 Bf6 24. Qxd2 Rxd2 25. Bf3 Be4 26. Bxe4 Nxe4 27. Rf1 c5 28. Rb1 Nc3 29. Rf1 a4 30. Kh1 b4 31. axb4 cxb4 32. f4 b3 33. Kg1 b2 34. Kh1 a3 35. Kg1 a2 36. Kh1 h5 37. Kg1 a1=Q 0-1

[Event "1000GM Winter GM Norm-2 2024"]
[Site "Sunnyvale/"]
[Date "2024.01.05"]
[Round "5.2"]
[White "Wang, Isaac"]
[Black "Miezis, Normunds"]
[Result "1/2-1/2"]
[ECO "E11"]
[WhiteElo "2316"]
[BlackElo "2419"]
[Annotator "RC"]
[PlyCount "61"]
[EventDate "2023.12.14"]
[EventType "schev"]
[EventCountry "USA"]
[SourceTitle "playchess.com"]
[Source "ChessBase"]
[SourceQuality "1"]
[TimeControl "5400+30"]

1. d4 Nf6 2. c4 e6 3. Nf3 Bb4+ 4. Bd2 a5 5. g3 d5 6. Qc2 O-O 7. Bg2 c5 8. cxd5 cxd4 9. Nxd4 Qb6 10. e3 exd5 11. O-O Nc6 12. Nxc6 bxc6 13. Rc1 Bd7 14. Nc3 Rfb8 15. Na4 Qd8 16. Bxb4 axb4 17. Nc5 Be8 18. a3 bxa3 19. bxa3 h5 20. Qc3 Qb6 21. a4 Qa5 22. Nb3 Qb4 23. Nd4 Rxa4 24. Rxa4 Qxa4 25. Nxc6 Bxc6 26. Qxc6 Qxc6 27. Rxc6 Rb1+ 28. Bf1 Rd1 29. Rc2 g6 30. Kg2 Kg7 31. Be2 1/2-1/2

[Event "1000GM Winter GM Norm-2 2024"]
[Site "Sunnyvale/"]
[Date "2024.01.05"]
[Round "5.4"]
[White "Figueredo Losada, Leonel"]
[Black "Amburgy, Ryan"]
[Result "1-0"]
[ECO "A13"]
[WhiteElo "2381"]
[BlackElo "2200"]
[Annotator "RC"]
[PlyCount "61"]
[EventDate "2023.12.14"]
[EventType "schev"]
[EventCountry "USA"]
[SourceTitle "playchess.com"]
[Source "ChessBase"]
[SourceQuality "1"]
[TimeControl "5400+30"]

1. Nf3 Nf6 2. c4 e6 3. g3 d5 4. Bg2 d4 5. d3 c5 6. e4 Nc6 7. e5 Nd7 8. Qe2 b6 9. Ng5 Bb7 10. f4 Be7 11. Nf3 Qc7 12. O-O O-O 13. Nbd2 Rae8 14. Ne4 f6 15. exf6 Bxf6 16. Bd2 Nd8 17. Rae1 Nf7 18. Bc1 Nd6 19. Nxd6 Qxd6 20. Nd2 Bxg2 21. Qxg2 g6 22. Re2 Kh8 23. Rfe1 e5 24. Qd5 Qxd5 25. cxd5 b5 26. Nf3 Bg7 27. Nxe5 Nxe5 28. fxe5 c4 29. e6 cxd3 30. Re4 Rc8 31. e7 1-0

[Event "1000GM Winter GM Norm-2 2024"]
[Site "Sunnyvale/"]
[Date "2024.01.05"]
[Round "5.5"]
[White "Sheng, Joshua"]
[Black "Guo, Andrew"]
[Result "1-0"]
[ECO "B31"]
[WhiteElo "2461"]
[BlackElo "2255"]
[Annotator "TA"]
[PlyCount "65"]
[EventDate "2023.12.14"]
[EventType "schev"]
[EventCountry "USA"]
[SourceTitle "playchess.com"]
[Source "ChessBase"]
[SourceQuality "1"]
[TimeControl "5400+30"]

1. e4 c5 2. Nf3 Nc6 3. Bb5 g6 4. Bxc6 dxc6 5. d3 Bg7 6. h3 Nf6 7. a4 {[%emt 0:00:03] B31: Sicilian: 2...Nc6 3 Bb5 g6.} Nd7 8. a5 e5 9. Nbd2 {[%emt 0:02:43] White is slightly better.} Nf8 10. Nc4 Qc7 11. Be3 Ne6 12. Qd2 O-O 13. Bh6 f6 14. Bxg7 Kxg7 15. O-O {[%emt 0:04:49] [#]} Nd4 $146 ({Predecessor:} 15... Nf4 16. Kh2 Be6 17. b3 Rad8 18. Qe3 Qe7 19. Ng1 Bxc4 20. bxc4 Rd7 21. Ne2 Ne6 {½-½ Svane,R (2623)-Zhigalko,S (2572) Levitov Zhigalko-Svane m blitz 2021 (1)}) 16. Qd1 Be6 17. Nfd2 Rfd8 18. Ne3 Bf7 19. g3 b5 20. Kg2 a6 21. f4 exf4 22. Rxf4 {[%emt 0:00:12] [#]} c4 $1 23. dxc4 bxc4 (23... h5 $5 ) 24. Rf2 (24. Ndxc4 $2 {is the wrong capture.} Ne6 25. Qf3 Nxf4+ 26. gxf4 Rd4 $19) ({Much worse is} 24. Nexc4 Bxc4 25. Nxc4 Nb3 26. cxb3 Rxd1 27. Rxd1 Rd8 $17) 24... Rab8 25. Qc1 (25. Nexc4 $11 Qe7 26. Ra4) 25... Qe7 $17 26. c3 Nb3 (26... Nb5 $17 {...Rd3 is the strong threat.} 27. Kh2 Nd6) 27. Nxb3 $11 {[%emt 0:00:03] A dynamic duo of knights.} Qxe4+ ({Don't take} 27... Rxb3 28. Ng4 $14) 28. Kh2 $1 {[%emt 0:00:02] Black must now prevent Nd4.} Rxb3 29. Ng4 {[%emt 0:00:05] aiming for Qh6+.} g5 (29... Rd6 $1 $11 {keeps the balance.}) 30. Nxf6 $16 Qe5 (30... Qg6 $2 31. Qe3 Kh8 32. Raf1) 31. Ng4 Qc5 {[%emt 0:00:00][%mdl 8192] [#]} (31... Qe7 $16) 32. Rxf7+ $1 $18 Kxf7 33. Qf1+ {[%emt 0:00:03] Weighted Error Value: White=0.10 (very precise) /Black=0.14 (very precise)} 1-0

[Event "1000GM Winter GM Norm-2 2024"]
[Site "Sunnyvale/"]
[Date "2024.01.05"]
[Round "5.6"]
[White "Galyas, Miklos"]
[Black "Shivakumar, Shawnak"]
[Result "1/2-1/2"]
[ECO "D45"]
[WhiteElo "2423"]
[BlackElo "2307"]
[Annotator "RC"]
[PlyCount "51"]
[EventDate "2023.12.14"]
[EventType "schev"]
[EventCountry "USA"]
[SourceTitle "playchess.com"]
[Source "ChessBase"]
[SourceQuality "1"]
[TimeControl "5400+30"]

1. Nf3 d5 2. e3 Nf6 3. c4 c6 4. Nc3 Nbd7 5. cxd5 cxd5 6. d4 e6 7. Bd3 a6 8. O-O Bd6 9. Qe2 b5 10. e4 dxe4 11. Nxe4 Be7 12. a4 bxa4 13. Bg5 Bb7 14. Rxa4 Nb6 15. Raa1 Nxe4 16. Bxe7 Qxe7 17. Bxe4 O-O 18. Ra5 Bxe4 19. Qxe4 Nc4 20. Rc5 Nxb2 21. Qc2 Rab8 22. Rb1 Na4 23. Rxb8 Rxb8 24. Rc8+ Rxc8 25. Qxc8+ Qf8 26. Qxa6 1/2-1/2

[Event "1000GM Winter GM Norm-2 2024"]
[Site "Sunnyvale/"]
[Date "2024.01.05"]
[Round "5.7"]
[White "Sathish, Pranav"]
[Black "Delgado Ramirez, Neuris"]
[Result "0-1"]
[ECO "D77"]
[WhiteElo "2357"]
[BlackElo "2517"]
[Annotator "TA"]
[PlyCount "82"]
[EventDate "2023.12.14"]
[EventType "schev"]
[EventCountry "USA"]
[SourceTitle "playchess.com"]
[Source "ChessBase"]
[SourceQuality "1"]
[TimeControl "5400+30"]

1. Nf3 Nf6 2. b3 g6 3. Bb2 Bg7 4. g3 b6 5. Bg2 Bb7 6. O-O O-O 7. c4 e6 8. d4 d5 9. cxd5 {[%emt 0:00:00] D77: Fianchetto Grünfeld: 6 0-0: Replies other than 6...c6.} exd5 10. Nc3 Na6 11. Rc1 {[%emt 0:00:00] The position is equal.} Re8 12. e3 c5 {[#]} 13. dxc5 $146 ({Predecessor:} 13. Ne2 Ne4 14. Ba3 Rc8 15. Nf4 Nb4 16. Bxb4 cxb4 17. Qd3 Qd7 18. Rfe1 g5 19. Nh5 {0-1 Rezasade,A (2344)-Bacrot,E (2723) Bundesliga 1718 2017 (11.7)}) 13... Nxc5 14. b4 Nce4 15. Qe2 (15. Nb5 $5 ) 15... Qe7 16. a3 Rac8 17. Nd4 h5 18. Bh3 Nxc3 (18... Rc4 $5 ) 19. Bxc3 Rc4 20. Bb2 Ne4 {[%emt 0:00:00] And now ...Ng5 would win.} 21. Rfd1 h4 22. Bf1 Bh6 {[%emt 0:00:00][%cal Oe4f2] ...Nxf2! would be deadly.} 23. Re1 a6 24. Nf3 (24. Bg2 $5 ) 24... hxg3 25. hxg3 Rec8 {[%emt 0:00:00][%cal Oe4g3] Strongly threatening ...Nxg3!} 26. Nd4 {[%emt 0:00:00] [#]} (26. Qd1 $15) 26... Nxg3 $1 $17 {[%emt 0:00:00][%mdl 512] Black is much more active.} 27. fxg3 {[%emt 0:00:00] Loses the game.} (27. Qf3 $17 {was called for.} Nxf1 28. Rxf1) (27. Qg4 Nxf1) 27... Rxc1 $19 28. Rxc1 Qxe3+ 29. Kh2 {[%emt 0:00:00] Threatens to win with Qxe3.} Rxc1 30. Bxc1 Qxc1 31. Qe8+ Bf8 32. Bg2 Qc7 {[%emt 0:00:00] Repels Qb8} ({Worse is} 32... Qxa3 33. Ne6 fxe6 34. Qxe6+ Kh8 35. Qh3+ Kg8 36. Qe6+ Kg7 37. Qd7+ Kh8 38. Qh3+ Kg8 39. Qe6+ $17) 33. a4 Qc8 34. Qxc8 Bxc8 35. Bxd5 Bxb4 {[%emt 0:00:00][%mdl 4096] Endgame KBB-KBN} 36. Kg2 Kg7 37. Kf3 Bd7 38. Bc4 Bxa4 39. Bxa6 Bc5 40. Ke4 $2 (40. Bb5 Bxb5 41. Nxb5) 40... Bxd4 41. Kxd4 Kf6 {[%emt 0:00:00] Weighted Error Value: White=0.52/Black=0.09 (flawless)} 0-1

[Event "1000GM Winter GM Norm-2 2024"]
[Site "Sunnyvale/"]
[Date "2024.01.05"]
[Round "5.8"]
[White "Xu, Yi"]
[Black "Liu, Eric"]
[Result "1-0"]
[ECO "B52"]
[WhiteElo "2511"]
[BlackElo "2332"]
[Annotator "TA"]
[PlyCount "69"]
[EventDate "2023.12.14"]
[EventType "schev"]
[EventCountry "USA"]
[SourceTitle "playchess.com"]
[Source "ChessBase"]
[SourceQuality "1"]
[TimeControl "5400+30"]

1. e4 c5 2. Nf3 d6 3. Bb5+ Bd7 4. c4 Nf6 5. Nc3 a6 6. Bxd7+ {[%emt 0:00:09] B52: Sicilian: Moscow Variation with 3...Bd7.} Nbxd7 7. O-O e6 8. d3 {[%emt 0:12:53] The position is equal.} Ne5 9. Nxe5 dxe5 10. f4 exf4 (10... h5 $11) 11. Bxf4 $16 {[%emt 0:01:48] [#]} Qd4+ $146 (11... h5 $142) ({Predecessor:} 11... Qd7 12. e5 Ng8 13. Ne4 O-O-O 14. Bg5 Qd4+ 15. Kh1 Rd7 16. Qa4 Nh6 17. Bxh6 gxh6 18. Rxf7 {½-½ Xiong,J (2672)-Nakamura,H (2749) PRO League Stage rapid 2019 (4)}) 12. Kh1 O-O-O 13. e5 Ng8 14. Ne4 (14. Qe1 $142) 14... f5 15. exf6 $1 gxf6 {[%emt 0:00:05] Loses the game.} ({Black should try} 15... Nxf6 $14 16. Ng5 e5) 16. Qg4 Qd7 17. Qh5 b6 (17... Qe8 $142 18. Qh3 h5) 18. Rae1 Kb7 $2 {[%emt 0:01:26] [#]} (18... Be7 19. Nc3 Kb7) 19. a4 $1 {[%emt 0:03:51][%cal Oa4a5][%mdl 512] And now a5! would win.} a5 (19... h6 $142 20. a5 f5) (19... e5 20. Bg3) 20. Ng5 $18 {[%emt 0:05:15][%mdl 64] Discovered Attack} Ka7 (20... fxg5 $142 21. Be5 Be7 22. Bxh8 e5 23. Qxh7 Qxd3 24. Qxd3 Rxd3) 21. Nxe6 Rc8 22. Re3 Ka6 {[%emt 0:02:34] Black is weak on the light squares} (22... Ne7 $142 23. Qf7 Qb7) 23. Rfe1 Qc6 24. Qf7 (24. Nxf8 $142 f5 25. Re6) 24... Bh6 (24... Bd6 $142 25. Bxd6 Qxd6) 25. Rh3 {[%emt 0:03:17] [#] aiming for Nc7+.} Bxf4 26. Nxf4 h5 27. Qg7 (27. Nxh5 Nh6 28. Qd5 (28. Qxf6 Ng4 $11) 28... Ng4 $14) (27. Rxh5 Nh6 28. Qd5 Rhe8 $18) 27... Nh6 (27... Re8 {might work better.} 28. Rhe3 Nh6) 28. Re7 (28. Nxh5 $2 Rcg8 $19) 28... Ra8 {[%emt 0:00:30] Wards off Ra7+. ...Rhe8 is the strong threat.} 29. Re6 {[%emt 0:02:06] Inhibits Rhe8.} (29. Nxh5 $2 Rhg8 30. Rhe3 (30. Qxh6 $2 Qxg2#) 30... Rxg7 31. Nxg7 Qxa4 $19) 29... Qb7 30. Qxb7+ {[%emt 0:00:25] White is clearly winning.} (30. Qxf6 Raf8 31. Qh4 Rh7 $11) (30. Nxh5 Nf7 31. Rf3 (31. Rxf6 Rag8 $11) 31... Ng5 32. Qxb7+ (32. Rexf6 $2 Nxf3 33. Rxf3 Rxh5 $19) 32... Kxb7 33. Re7+ (33. Rexf6 $2 Nxf3 34. Rxf3 Rxh5 $19) 33... Ka6 34. Rxf6 Rxh5 $16) 30... Kxb7 31. Rxh5 ({Weaker is} 31. Rxf6 Rae8 32. Kg1 (32. Nxh5 $2 {gets mated.} Re1+) 32... Ng4 33. Rf7+ Kc8 $18) 31... Ng4 32. Rxh8 Rxh8 33. h3 Nf2+ 34. Kg1 Nd1 35. b3 {[%emt 0:00:47] Weighted Error Value: White=0.61/Black=0.73} 1-0

[Event "1000GM Winter GM Norm-2 2024"]
[Site "Sunnyvale/"]
[Date "2024.01.05"]
[Round "5.9"]
[White "Nathan, Nitish"]
[Black "Lou, Yiping"]
[Result "0-1"]
[ECO "A48"]
[WhiteElo "2190"]
[BlackElo "2447"]
[Annotator "RC"]
[PlyCount "116"]
[EventDate "2023.12.14"]
[EventType "schev"]
[EventCountry "USA"]
[SourceTitle "playchess.com"]
[Source "ChessBase"]
[SourceQuality "1"]
[TimeControl "5400+30"]

1. d4 Nf6 2. Bf4 d6 3. e3 g6 4. Nf3 Bg7 5. h3 c5 6. c3 Qb6 7. Qc2 Bf5 8. Qb3 Be6 9. Qc2 O-O 10. Nbd2 cxd4 11. exd4 Rc8 12. a4 Nc6 13. Qb1 Nd5 14. Nc4 Qd8 15. Bd2 Nb6 16. Nxb6 Qxb6 17. Be3 Bd5 18. Be2 Na5 19. O-O Nc4 20. Bxc4 Rxc4 21. Nd2 Rc7 22. Re1 Rac8 23. f3 h6 24. Bf2 Qa6 25. Qd1 b6 26. Qe2 Qxe2 27. Rxe2 Kf8 28. Nb1 a6 29. Na3 Rb7 30. Nb1 f5 31. Nd2 Bf6 32. Ree1 Bf7 33. Be3 Kg7 34. Rac1 b5 35. axb5 Rxb5 36. b4 a5 37. bxa5 Rxa5 38. Rc2 Ra3 39. Rec1 g5 40. Bf2 d5 41. c4 Rd3 42. Kf1 dxc4 43. Nxc4 Rb3 44. Ne5 Rxc2 45. Rxc2 Rb1+ 46. Ke2 Be8 47. Be1 Bb5+ 48. Kf2 f4 49. Nc4 Bxd4+ 50. Ke2 Rb2 51. Rxb2 Bxc4+ 52. Kd1 Bxb2 53. g3 Bd4 54. gxf4 gxf4 55. Bh4 e5 56. Ke1 Be6 57. Bf2 Bxf2+ 58. Kxf2 Bxh3 0-1

[Event "1000GM Winter GM Norm-2 2024"]
[Site "Sunnyvale/"]
[Date "2024.01.05"]
[Round "6.1"]
[White "Nagy, Gabor"]
[Black "Rajaram, Rohan"]
[Result "1-0"]
[ECO "A11"]
[WhiteElo "2450"]
[BlackElo "2151"]
[Annotator "RC"]
[PlyCount "111"]
[EventDate "2023.12.14"]
[EventType "schev"]
[EventCountry "USA"]
[SourceTitle "playchess.com"]
[Source "ChessBase"]
[SourceQuality "1"]
[TimeControl "5400+30"]

1. Nf3 d5 2. g3 Nf6 3. Bg2 c6 4. c4 Bf5 5. O-O e6 6. cxd5 exd5 7. d3 h6 8. Qb3 Qb6 9. Qc2 Be7 10. Nc3 Nbd7 11. e4 dxe4 12. dxe4 Bh7 13. Be3 c5 14. Rfd1 O-O 15. Bh3 Rad8 16. Qe2 Qc6 17. e5 Ne4 18. Nd5 Rfe8 19. Nxe7+ Rxe7 20. Rac1 b6 21. b4 Rb8 22. bxc5 Ndxc5 23. Nd4 Qe8 24. f4 f6 25. e6 f5 26. Qc4 b5 27. Qb4 Rc8 28. Nxf5 Rxe6 29. Nd4 Rg6 30. Nf5 Rgc6 31. Re1 Qe6 32. Nxh6+ Qxh6 33. Bxc8 Rxc8 34. Bxc5 Qh5 35. Bxa7 Ra8 36. Rxe4 Bxe4 37. Qxe4 Re8 38. Qd3 Qf7 39. Bf2 Qxa2 40. Qxb5 Rd8 41. Qc4+ Qxc4 42. Rxc4 Kf7 43. Kg2 Rd6 44. g4 Kg6 45. h4 Kh7 46. h5 Rd7 47. Rc6 Rf7 48. Be3 Re7 49. Kf3 Rf7 50. g5 Rd7 51. f5 Rd8 52. g6+ Kg8 53. Rc7 Rf8 54. Bd4 Rxf5+ 55. Ke4 Rf8 56. Rxg7+ 1-0

[Event "1000GM Winter GM Norm-2 2024"]
[Site "Sunnyvale/"]
[Date "2024.01.06"]
[Round "6.3"]
[White "Wang, Isaac"]
[Black "Figueredo Losada, Leonel"]
[Result "1/2-1/2"]
[ECO "E11"]
[WhiteElo "2316"]
[BlackElo "2381"]
[Annotator "RC"]
[PlyCount "164"]
[EventDate "2023.12.14"]
[EventType "schev"]
[EventCountry "USA"]
[SourceTitle "playchess.com"]
[Source "ChessBase"]
[SourceQuality "1"]
[TimeControl "5400+30"]

1. d4 Nf6 2. c4 e6 3. Nf3 Bb4+ 4. Bd2 Qe7 5. g3 Bxd2+ 6. Qxd2 Nc6 7. Nc3 d5 8. cxd5 exd5 9. Bg2 O-O 10. O-O Re8 11. Rac1 Bf5 12. Rfe1 Rad8 13. Qf4 Be4 14. Red1 Nh5 15. Qh4 Bxf3 16. Qxe7 Rxe7 17. Bxf3 Nf6 18. e3 a6 19. h4 h5 20. Kg2 Na7 21. Ne2 c6 22. Nf4 g6 23. Rc5 Ne8 24. Rdc1 Kg7 25. b3 Nd6 26. R5c2 Ne4 27. Kf1 f6 28. Kg2 Nc8 29. Nd3 Ncd6 30. Nc5 Nxc5 31. Rxc5 Rh8 32. a4 g5 33. Rh1 Kg6 34. Be2 gxh4 35. Bd3+ f5 36. Rxh4 Ne4 37. Rc1 Nf6 38. Rch1 Rhh7 39. Rf4 Ne4 40. f3 Nd6 41. Kf2 Kg5 42. Rfh4 Rh8 43. g4 fxg4 44. f4+ Kf6 45. Rxh5 Rxh5 46. Rxh5 Ne4+ 47. Bxe4 Rxe4 48. Rg5 Re7 49. Rxg4 Rh7 50. Ke2 Rh1 51. Kd2 Rb1 52. Kc3 Re1 53. Kd2 Rb1 54. Kc3 Re1 55. Rg3 a5 56. Rh3 Ke6 57. Rh6+ Kf5 58. Rh5+ Ke6 59. Re5+ Kd6 60. f5 b6 61. Kd2 Rh1 62. Ke2 b5 63. Re6+ Kc7 64. Kf3 bxa4 65. bxa4 Ra1 66. f6 Kd7 67. Re7+ Kd6 68. Kf4 Rxa4 69. Kf5 Ra1 70. Ra7 Rf1+ 71. Kg6 Ke6 72. f7 a4 73. Kg7 Rg1+ 74. Kf8 Rb1 75. Kg7 Rg1+ 76. Kf8 Rb1 77. Kg8 Rg1+ 78. Kf8 Rb1 79. Re7+ Kf6 80. Kg8 Rg1+ 81. Kf8 Rb1 82. Kg8 Rg1+ 1/2-1/2

[Event "1000GM Winter GM Norm-2 2024"]
[Site "Sunnyvale/"]
[Date "2024.01.05"]
[Round "6.4"]
[White "Amburgy, Ryan"]
[Black "Sheng, Joshua"]
[Result "0-1"]
[ECO "A43"]
[WhiteElo "2200"]
[BlackElo "2461"]
[Annotator "TA"]
[PlyCount "100"]
[EventDate "2023.12.14"]
[EventType "schev"]
[EventCountry "USA"]
[SourceTitle "playchess.com"]
[Source "ChessBase"]
[SourceQuality "1"]
[TimeControl "5400+30"]

1. d4 e6 2. Nf3 c5 3. d5 exd5 4. Qxd5 Nf6 5. Qd3 d5 6. Bg5 {[%emt 0:00:14] [#] A43: Schmid Benoni.} Nc6 $146 ({Predecessor:} 6... Be7 7. Nc3 Be6 8. e3 Nc6 9. O-O-O c4 10. Qd2 Qa5 11. Nd4 Ne4 12. Nxc6 bxc6 13. Nxe4 Qxa2 {1-0 Smirnov,Y (1900)-Zauzoltsev,M (1235) Chigorin Memorial 30th 2023 (1)}) 7. e3 Be7 8. Nc3 {[%emt 0:00:58] Black is slightly better.} O-O 9. Be2 Nb4 10. Qd2 Bf5 11. O-O {[%emt 0:03:38] [#]} Ne4 $1 (11... Nxc2 $6 12. Nh4 Be4 13. Rad1 $11) (11... Bxc2 12. Bxf6 (12. a3 Ne4 $16) 12... Bxf6 13. a3 $18) 12. Nxe4 dxe4 13. Bxe7 Qxe7 14. Ne1 Qe5 15. Qc1 Rad8 16. g3 Qe6 {[%emt 0:12:46] Black is much more active.} 17. Ng2 {[%emt 0:01:07] White is weak on the light squares} Bg4 (17... Nxa2 $6 18. Qe1 Nb4 19. Qc3 $11) 18. Nf4 Qf5 19. Bxg4 Qxg4 20. h3 Qf3 21. a3 Nc6 {[%emt 0:00:04] [#] Threatens to win with ...g5.} 22. Rd1 (22. Qe1 $17 {is a better defense.}) 22... Ne5 (22... g5 $19 23. Nd5 Ne5) 23. Rd5 $17 Rxd5 24. Nxd5 Rd8 25. c4 Nd3 26. Qf1 b5 (26... Nxb2 $6 27. Rb1 Nd3 28. Rxb7 $11) (26... Kh8 $17) 27. b3 ({White should play} 27. Ne7+ $11 Kh8 28. Nc6) 27... bxc4 28. bxc4 Rb8 {[%emt 0:00:29][%cal Bd8b8,Bb8b2,Bb2c2][%mdl 32] aiming for ...Rb2.} 29. Qg2 (29. Nf4 $11 {remains equal.}) 29... Qe2 30. g4 Rb2 $36 {[%emt 0:07:50][%cal Re2f2][%mdl 2048] White is under strong pressure.} 31. Nc3 (31. Rf1 $2 Ne1 32. Nf4 (32. Qxe4 $2 {loses.} Nf3+ 33. Kg2 Qxf1+ {[%mdl 64] Decoy} 34. Kxf1 Nd2+ 35. Ke1 Nxe4 $19) (32. Ne7+ $2 Kf8 $19) 32... Nf3+ 33. Kh1 Qxc4 $19) (31. g5 $17) 31... Qxf2+ $19 32. Qxf2 Nxf2 {[%emt 0:00:05][%mdl 4096] Endgame KRN-KRN} 33. Kf1 g6 ({Weaker is} 33... Nxh3 34. Nxe4 Rc2 35. Rb1 $17) 34. Na4 (34. Nd1 $17 Nxd1 35. Rxd1) 34... Rc2 35. Nxc5 Nxh3 36. Nxe4 Rxc4 37. Nf6+ Kg7 38. Ne8+ Kf8 39. Nf6 Rc2 40. Ne4 {[%emt 0:00:48] Dodges Rf2+} Rc4 (40... a5 $142 41. Rd1 Ra2 42. Rd8+ Kg7) 41. Nf6 $1 Ke7 42. Nd5+ Ke6 43. Rd1 Rxg4 {[%emt 0:00:42] Strongly threatening ...Rg1+.} 44. Ke2 Ra4 45. Nc7+ Ke7 46. Nd5+ Kf8 ({Don't go for} 46... Ke6 $2 47. Nc7+ Ke5 48. Rd5+ Kf6 49. Rd3 $19) 47. Rd3 h5 48. Rc3 Ng5 {[%emt 0:00:22] Black is clearly winning.} 49. Nb4 h4 50. Kf1 h3 {[%emt 0:00:41] Weighted Error Value: White=0.27 (precise) /Black=0.16 (very precise)} 0-1

[Event "1000GM Winter GM Norm-2 2024"]
[Site "Sunnyvale/"]
[Date "2024.01.05"]
[Round "6.5"]
[White "Guo, Andrew"]
[Black "Galyas, Miklos"]
[Result "1/2-1/2"]
[ECO "D11"]
[WhiteElo "2255"]
[BlackElo "2423"]
[Annotator "RC"]
[PlyCount "54"]
[EventDate "2023.12.14"]
[EventType "schev"]
[EventCountry "USA"]
[SourceTitle "playchess.com"]
[Source "ChessBase"]
[SourceQuality "1"]
[TimeControl "5400+30"]

1. d4 d5 2. c4 c6 3. Nf3 Nf6 4. Nbd2 Bf5 5. Nh4 Be6 6. e3 g6 7. Nhf3 Bg7 8. cxd5 cxd5 9. Be2 Nc6 10. a3 O-O 11. b4 Rc8 12. Bb2 Bf5 13. Rc1 Ne4 14. O-O Qd6 15. Nb3 Nb8 16. Nc5 b6 17. Nxe4 Bxe4 18. Qa4 Rc7 19. Nd2 Bf5 20. Rxc7 Qxc7 21. Rc1 Qb7 22. Bf3 Bd7 23. Qb3 e6 24. b5 Rc8 25. Rxc8+ Bxc8 26. h3 Qc7 27. a4 Nd7 1/2-1/2